 Dungeon Crawl Stone Soup version 0.31.0-11-ge490571c62 (webtiles) character file.

Game seed: 15527237084064038874

245 Chiseanne the Trooper (level 5, -4/44 HPs)
             Began as a Demonspawn Wanderer on Feb 10, 2024.
             Slain by an iguana (10 damage)
             ... on level 4 of the Dungeon.
             The game lasted 00:06:54 (2539 turns).

Chiseanne the Trooper (Demonspawn Wanderer)         Turns: 2539, Time: 00:06:55

Health: -4/44      AC:  8    Str: 13    XL:     5   Next: 83%
Magic:  6/6        EV: 10    Int: 11    God:
Gold:   149        SH:  0    Dex: 15    Spells: 6/6 levels left

rFire   + . .        q - +2 rapier of False Accusations {speed, +Blink rF+}
rCold   . . .        (no shield)
rNeg    . . .        g - +1 scale mail
rPois   .            f - +0 helmet
rElec   .            (no cloak)
rCorr   .            (no gloves)
SInv    .            (no boots)
Will    .....        (no amulet) Stlth
                     (no ring)
HPRegen 0.27/turn    (no ring)
MPRegen 0.10/turn

%: no passive effects
@: no status effects
A: powered by death 1, demonic magic 1
a: Evoke Blink


You were on level 4 of the Dungeon.
You visited 1 branch of the dungeon, and saw 4 of its levels.

You collected 149 gold pieces.

Inventory:

Hand Weapons
 a - a +3 falchion
 p - a +1 trident of freezing
 q - the +2 rapier of False Accusations (weapon) {speed, +Blink rF+}
   (You found it on level 2 of the Dungeon)

   rF+:       It protects you from fire.
   +Blink:    It lets you blink.
 t - a +4 short sword
Missiles
 c - 7 boomerangs
 e - 35 stones (quivered)
Armour
 d - the +1 robe of Valiance {Fly rN+ Stlth-}
   (You found it on level 4 of the Dungeon)

   rN+:       It protects you from negative energy.
   Fly:       It grants you flight.
   Stlth-:    It makes you less stealthy.
 f - a +0 helmet (worn)
 g - a +1 scale mail (worn)
 s - a +0 pair of gloves of hurling
Magical Staves
 u - a staff of earth
Jewellery
 o - a +4 ring of slaying
Talismans
 m - a beast talisman
 v - a dragon-blood talisman
Scrolls
 b - a scroll of blinking
 k - a scroll of enchant armour
Potions
 h - a potion of might {unknown}
 i - a potion of brilliance {unknown}
 j - a potion of haste {unknown}
 l - a potion of lignification {unknown}
 n - 2 potions of curing {unknown}
 r - a potion of magic


   Skills:
 * Level 5.3 Fighting
 - Level 2.6 Long Blades
 * Level 2.8 Armour
 * Level 3.0 Dodging
 - Level 1.0 Spellcasting
 - Level 1.0 Alchemy


You had 6 spell levels left.
You didn't know any spells.
Your spell library contained the following spells:

 Spells                   Type           Power      Damage    Failure   Level
 Mercury Vapours          Alch/Air       2%         N/A       87%         2
 Cigotuvi's Dreadful Rot  Necr/Alch/Air  2%         N/A       88%         2
 Scorch                   Fire           0%         2d5       91%         2
 Flame Wave               Conj/Fire      0%         2d4       100%        4
 Summon Cactus Giant      Summ           0%         N/A       100%        6


Dungeon Overview and Level Annotations

Branches:
Dungeon (4/15)
 Temple: D:4-7

Altars:

Annotations:
D:3 Ijyb, Sigmund


Innate Abilities, Weirdness & Mutations

You regenerate a little health from kills.
Spells you cast may paralyse adjacent enemies.


Message History

Found a leather armour.
v - a dragon-blood talisman
Found a mace.
You see here a +0 leather armour.
You see here a +0 mace.
An iguana comes into view.
The iguana hisses angrily.
You start waiting.
An iguana is nearby!
You closely miss the iguana. The iguana bites you!
You barely miss the iguana. You barely miss the iguana. The iguana misses you.
You barely miss the iguana. The iguana bites you!
You hit the iguana.
The iguana is lightly wounded.
The iguana bites you but does no damage.
You closely miss the iguana.
The iguana is lightly wounded.
You hit the iguana.
The iguana is heavily wounded.
The iguana bites you!
You hit the iguana but do no damage.
The iguana is heavily wounded.
The iguana barely misses you.
You hit the iguana.
The iguana is heavily wounded.
The iguana bites you.
You hit the iguana.
The iguana is almost dead.
You hit the iguana but do no damage.
The iguana is almost dead.
The iguana bites you.
You closely miss the iguana.
The iguana is almost dead.
The iguana bites you!
* * * LOW HITPOINT WARNING * * *
You hit the iguana but do no damage.
The iguana is almost dead.
The iguana bites you!
You die...

####................
#...)###............
#....#.#............
#...............)...
##..................
##...............).
#.................
##l..........##...
#@#......##.#####.
#.#.......#.#####.
.............#....
...##..l...#....###
#................###
##....#........#...#
##.. #.....####....
#.##.....#####..##
#........##...


You could see an iguana.

Vanquished Creatures
  A hound (D:4)
  An orc wizard (D:4)
  3 adders (D:3)
  5 gnolls
  3 ribbon worms
  21 orcs
  13 ball pythons
  5 endoplasms
  3 giant cockroaches
  6 hobgoblins
  5 quokkas
  4 bats
  3 goblins
  10 kobolds
  A rat (D:1)
  A spectral kobold (D:2)
85 creatures vanquished.

Notes
Turn   | Place    | Note
-------+----------+-------------------------------------------
     0 | D:1      | Chiseanne the Demonspawn Wanderer began the quest for the
                  | Orb.
     0 | D:1      | Chiseanne set off with the following items: a +3 falchion,
                  | a scroll of blinking, a +0 leather armour; and the
                  | following spells available to memorise: Mercury Vapours,
                  | Cigotuvi's Dreadful Rot.
     0 | D:1      | Reached XP level 1. HP: 19/19 MP: 2/2
   253 | D:1      | Gained mutation: You regenerate a little health from kills.
                  | [demonic ancestry]
   253 | D:1      | Reached XP level 2. HP: 25/25 MP: 3/3
   364 | D:1      | Reached skill level 1 in Armour
   628 | D:2      | Identified the +2 rapier of False Accusations {speed,
                  | +Blink rF+}
   978 | D:2      | Reached XP level 3. HP: 28/31 MP: 4/4
  1017 | D:2      | Found a faded altar of an unknown god.
  1414 | D:3      | Noticed Sigmund
  1421 | D:3      | Noticed Ijyb
  1538 | D:2      | Gained mutation: Spells you cast may paralyse adjacent
                  | enemies. [demonic ancestry]
  1538 | D:2      | Reached XP level 4. HP: 14/38 MP: 5/5
  2058 | D:3      | Reached XP level 5. HP: 42/43 MP: 6/6
  2149 | D:4      | Identified the +1 robe of Valiance {Fly rN+ Stlth-}
  2182 | D:4      | Reached skill level 5 in Fighting
  2539 | D:4      | Slain by an iguana

Illustrated notes

Levels and vault maps discovered:
D:1:      eino_arrival_tree_alley, layout_basic
D:2:      layout_basic, dreamdust_ecumenical_altar_drowned_temple, st_stairs_5,
          mrwooster_statue_mirror
D:3:      layout_rooms, mainiacjoe_overflow_catch_the_wave,
          dreamdust_princess_corridor, st_stairs_11, uniq_ijyb, uniq_sigmund
D:4:      layout_cave_pools

Skill      XL: |  1  2  3  4  5 |
---------------+----------------+-----
Armour         | 1 2 |  2.8
Dodging        | 2 3 |  3.0
Fighting       | 5 |  5.3
Long Blades    | |  2.6
Spellcasting   | |  1.0
Alchemy        | |  1.0

Action                     |  1- 3 |  4- 6 || total
---------------------------+-------+-------++-------
  Melee: Falchion          |    84 |       ||    84
         Rapier            |    46 |   169 ||   215
         Punch             |     1 |     1 ||     2
    Use: Scroll            |     1 |     6 ||     7
 Armour: Scale mail        |    90 |    97 ||   187
         Leather armour    |     2 |       ||     2
  Dodge: Dodged            |    58 |    66 ||   124
